 Dungeon Crawl Stone Soup version 0.27-a0-861-g9529aa9bf3 (webtiles) character file.

Game seed: 5531271859284682523

2663 EnegeticOcto the Cleaver (level 9, -9/69 HPs)
             Began as a Palentonga Arcane Marksman on Apr 2, 2021.
             Was a High Priest of Trog.
             Mangled by an orc knight
             ... wielding a +0 war axe
              (23 damage)
             ... in a bailey.
             The game lasted 00:09:50 (8507 turns).

EnegeticOcto the Cleaver (PaAM)                     Turns: 8507, Time: 00:09:51

Health: -9/69      AC: 14    Str: 17    XL:     9   Next: 36%
Magic:  10/10      EV:  8    Int: 13    God:    Trog [*****.]
Gold:   211        SH:  0    Dex: 11    Spells: 10/10 levels left

rFire    . . .     SeeInvis +   y - +0 war axe
rCold    + . .     Faith    .   (no shield)
rNeg     . . .     Spirit   .   t - +1 swamp dragon scales
rPois    +         Reflect  .   (no helmet)
rElec    .         Harm     .   (no cloak)
rCorr    .         Rampage  .   (no gloves)
Will     .....                  (no barding)
Stlth    +.........             (no amulet)
HPRegen  0.21/turn              B - ring of flight
MPRegen  0.12/turn              q - ring of protection from cold

@: berserk cooldown, flying, slowed, curled up, very slow
A: large, rugged brown scales 3, see invisible, deformed body, roll 1, armoured
tail, reflexive curl
a: Rolling Charge, Renounce Religion, Berserk, Trog's Hand, Brothers in Arms


You were in a bailey.
You worshipped Trog.
Trog was extremely pleased with you.
You visited 1 branch of the dungeon, and saw 7 of its levels.
You also visited: Sewer and Bailey.

You collected 211 gold pieces.

Inventory:

Hand Weapons
 v - the +5 spear of Fortitude {antimagic, +Blink Str+3}
   (You found it on level 4 of the Dungeon)

   It reduces the magical energy of the wielder, and disrupts the spells and
   magical abilities of those hit.
   Natural abilities and divine invocations are not affected.
   It affects your strength (+3).
   It lets you blink.
 y - a +0 war axe (weapon)
   (You took it off an orc priest on level 5 of the Dungeon)
Missiles
 d - a throwing net (quivered) {!f}
Armour
 t - +1 swamp dragon scales (worn)
   (You found it on level 6 of the Dungeon)
Jewellery
 q - a ring of protection from cold (right hand)
   (You found it on level 6 of the Dungeon)
 B - a ring of flight (left hand)
   (You took it off a gnoll on level 5 of the Dungeon)
Wands
 e - a wand of mindburst (10)
   (You found it on level 6 of the Dungeon)
 h - a wand of acid (7) {@v1}
   (You found it on level 2 of the Dungeon)
 k - a wand of flame (13) {@v4}
   (You found it on level 2 of the Dungeon)
 A - a wand of polymorph (8)
   (You found it on level 5 of the Dungeon)
Scrolls
 g - a scroll of enchant weapon {unknown}
 i - a scroll of teleportation {unknown}
 l - 2 scrolls of magic mapping {@r5 !r}
 o - a scroll of vulnerability
 r - 2 scrolls of summoning {unknown}
 s - a scroll of brand weapon
 C - a scroll of fear {unknown}
Potions
 a - a potion of degeneration {unknown}
 b - 2 potions of heal wounds {@q2 !q}
 f - a potion of lignification {unknown}
 n - a potion of resistance
 p - 3 potions of curing {@q1 !q}
 u - a potion of might {@q3 !q}


   Skills:
 - Level 4.0 Fighting
 * Level 11.8 Axes
 - Level 1.5 Crossbows
 - Level 1.5 Dodging
 - Level 1.0 Spellcasting
 - Level 3.0 Hexes


You had 10 spell levels left.
You didn't know any spells.
Your spell library contained the following spells:

 Spells                   Type           Power      Damage    Failure   Level
 Corona                   Hex            8%         N/A       16%         1
 Slow                     Hex            8%         N/A       22%         2
 Magic Dart               Conj           0%         1d3       45%         1
 Blink                    Tloc           N/A        N/A       61%         2
 Call Imp                 Summ           0%         N/A       61%         2
 Inner Flame              Hex/Fire       4%         N/A       63%         3
 Portal Projectile        Hex/Tloc       8%         N/A       63%         3
 Conjure Flame            Conj/Fire      0%         6-21      83%         3
 Mephitic Cloud           Conj/Pois/Air  0%         N/A       83%         3
 Cause Fear               Hex            4%         N/A       83%         4
 Leda's Liquefaction      Hex/Erth       2%         N/A       95%         4


Dungeon Overview and Level Annotations

Branches:
Dungeon (7/15)             Temple (0/1) D:5           Sewer (visited)
 Bailey (1/1)

Altars:
Dithmenos
Gozag
Makhleb
Trog
Uskayaw
Vehumet
Yredelemnul

Shops:
D:6 *


Innate Abilities, Weirdness & Mutations

You are completely covered in rugged brown scales. (AC +3, +7% HP)
You have supernaturally acute eyesight. (SInv)
Armour fits poorly on your strangely shaped body.
You can roll at nearby foes to attack.
You have a long armoured tail.
You curl defensively after being hit.


Message History

You closely miss the goblin. You tail-slap the goblin.
You kill the goblin!
Trog accepts your kill.
You slash the orc!
You kill the orc!
Trog accepts your kill.
The hobgoblin hits you but does no damage.
The goblin hits you with a +0 hand axe.
There is an open door, spattered with blood here.
Items here: )))) [[[[ ††.
You closely miss the orc. You hit the hobgoblin. You hit the goblin.
The orc closely misses you.
The hobgoblin hits you but does no damage.
The goblin barely misses you.
You closely miss the hobgoblin.
Your tail-slap misses the hobgoblin.
The hobgoblin is severely wounded.
You closely miss the orc. You barely miss the goblin. You hit the hobgoblin.
You kill the hobgoblin!
Trog accepts your kill.
You closely miss the goblin. You slash the orc!
You kill the orc!
Trog accepts your kill.
A gnoll comes into view. It is wielding a +0 hand axe.
The goblin barely misses you.
You slash the goblin!
You kill the goblin!
Trog accepts your kill.
You barely miss the hobgoblin. You slash the goblin!
You kill the goblin!
Trog accepts your kill.
You closely miss the hobgoblin.
An orc warrior comes into view. It is wielding a +0 war axe.
The hobgoblin barely misses you.
You hit the hobgoblin.
You kill the hobgoblin!
Trog accepts your kill.
A hobgoblin comes into view. It is wielding a +0 war axe.
Items here: )) [[.
You feel a strong urge to attack something.
You are no longer berserk.
You are exhausted.
You feel yourself slow down.
A hobgoblin and an orc knight come into view.
The orc knight shouts!
The hobgoblin shouts!
You hear a shout! x2
The orc knight roars a battlecry!
The orc warrior goes into a battle-frenzy!
The gnoll hits you with a +0 hand axe. x2
You barely miss the orc warrior. You slash the gnoll! You hit the hobgoblin.
The orc warrior hits you with a +0 war axe!
The hobgoblin hits you but does no damage.
The gnoll closely misses you.
The orc warrior hits you but does no damage.
You are too injured to fight recklessly!
You are too injured to fight recklessly!
You are too injured to fight recklessly!
You are too injured to fight recklessly!
You are too injured to fight recklessly!
You are too injured to fight recklessly!
You are too injured to fight recklessly!
You are too injured to fight recklessly!
You are too injured to fight recklessly!
You are too injured to fight recklessly!
You are too injured to fight recklessly!
You are too injured to fight recklessly!
You are too injured to fight recklessly!
You are too injured to fight recklessly!
You are too injured to fight recklessly!
The hobgoblin barely misses you. The gnoll hits you but does no damage.
Items here: )) [[.
The hobgoblin hits you with a +0 war axe!
There is an open door, spattered with blood here.
Items here: )))) [[[[ ††.
The gnoll barely misses you.
Aiming: Corrosive Bolt
Press: ? - help, Shift-Dir - straight line, f - orc warrior
Aim: an orc warrior, wielding a +0 war axe and wearing a +0 plate armour (strong, 29% to evade)
The bolt of acid hits the gnoll!
The gnoll is splashed with acid.
The acid corrodes the gnoll!
You kill the gnoll!
Trog accepts your kill.
The bolt of acid hits the orc warrior.
The orc warrior is splashed with acid.
The orc warrior is moderately wounded.
The bolt of acid misses the hobgoblin.
Aiming: Corrosive Bolt
Press: ? - help, Shift-Dir - straight line, f/p - orc warrior
Aim: an orc warrior, wielding a +0 war axe and wearing a +0 plate armour (moderately wounded, strong, 29% to evade)
The bolt of acid hits the orc knight.
The orc knight is splashed with acid.
The acid corrodes the orc knight!
The orc knight is lightly wounded.
The bolt of acid hits the orc warrior.
The orc warrior is splashed with acid.
The orc warrior is heavily wounded.
The orc knight hits you with a +0 war axe!!
* * * LOW HITPOINT WARNING * * *
As you read the scroll labelled ARAUCW BEIGATE, it crumbles to dust.
It is a scroll of enchant armour.
Your +0 swamp dragon scales glow green for a moment.
The orc knight hits you with a +0 war axe!!
You die...

.##.......##.......##
))#.......#.........#
..##.....##.........##
...#######.....⌠.....#
..## ##.........## ..#
#.........# .##
##.......## .#
#.......# ## ##...@.##
# ####o## ## ##..gog##
.# #.......# .##
#.......# ..#
#.........# ..#
#.........# ...#
#.....⌠.....# ..##
##.........##


You could see an orc knight (corroded), an orc warrior (strong) and 2
hobgoblins.

Vanquished Creatures
  Grinder (D:6)
  Sigmund (D:6)
  A hog (D:6)
  A water moccasin (D:7)
  2 sky beasts
  3 orc warriors (Bailey)
  2 black bears (D:6)
  An ogre (D:6)
  A centaur (D:5)
  4 kobold brigands (Sewer)
  A gnoll sergeant (D:6)
  A water moccasin zombie (D:5)
  A centaur zombie (D:6)
  2 bullfrog zombies
  An orc priest (D:5)
  3 hounds (D:5)
  2 centaur skeletons
  An iguana (D:6)
  A scorpion zombie (D:5)
  3 orc wizards
  A hound skeleton (D:4)
  A howler monkey zombie (D:5)
  10 adders
  13 gnolls
  2 river rats (Sewer)
  A white imp (D:6)
  An adder skeleton (D:4)
  2 dart slugs
  19 orcs
  8 ball pythons
  5 endoplasms
  4 giant cockroaches
  25 goblins
  13 hobgoblins
  7 jackals (D:5)
  21 kobolds
  8 quokkas
  2 bats
  7 frilled lizards
  30 rats
213 creatures vanquished.

Notes
Turn   | Place    | Note
-------+----------+-------------------------------------------
     0 | D:1      | EnegeticOcto the Palentonga Arcane Marksman began the quest
                  | for the Orb.
     0 | D:1      | Reached XP level 1. HP: 16/16 MP: 2/2
   184 | D:1      | Reached skill level 2 in Fighting
   298 | D:1      | Reached XP level 2. HP: 23/23 MP: 3/3
   546 | D:1      | Found a faded altar of an unknown god.
   588 | D:1      | Became a worshipper of Trog the Wrathful
   588 | D:1      | Reached * piety under Trog
   963 | D:2      | Reached skill level 3 in Fighting
   963 | D:2      | Reached XP level 3. HP: 31/31 MP: 4/4
  1751 | D:2      | Reached XP level 4. HP: 38/39 MP: 5/5
  1769 | D:2      | Reached skill level 4 in Fighting
  2025 | D:2      | Reached skill level 1 in Axes
  2163 | D:3      | Reached ** piety under Trog
  2410 | D:3      | Reached skill level 2 in Axes
  2872 | D:3      | Reached XP level 5. HP: 44/44 MP: 6/6
  3120 | D:4      | Reached skill level 3 in Axes
  3209 | D:4      | Found a glowing drain.
  3267 | Sewer    | Entered a sewer
  3449 | Sewer    | Reached skill level 4 in Axes
  3449 | Sewer    | Reached XP level 6. HP: 51/51 MP: 7/7
  3654 | Sewer    | Reached *** piety under Trog
  3655 | Sewer    | Reached skill level 5 in Axes
  3929 | Sewer    | Reached skill level 6 in Axes
  3929 | Sewer    | Gained mutation: You curl defensively after being hit.
                  | [Palentonga growth]
  3929 | Sewer    | Reached XP level 7. HP: 57/57 MP: 8/8
  4282 | D:4      | Found a radiant altar of Vehumet.
  4420 | D:4      | Found a basalt altar of Yredelemnul.
  4420 | D:4      | Found a burning altar of Makhleb.
  4421 | D:4      | Found an opulent altar of Gozag.
  4424 | D:4      | Found a hide-covered altar of Uskayaw.
  4426 | D:4      | Found a shadowy altar of Dithmenos.
  4644 | D:4      | Identified the +5 spear of Fortitude {antimagic, +Blink
                  | Str+3}
  4900 | D:5      | Entered Level 5 of the Dungeon
  4932 | D:5      | Found a staircase to the Ecumenical Temple.
  4991 | D:5      | Reached skill level 7 in Axes
  5492 | D:5      | Reached skill level 8 in Axes
  5530 | D:5      | Reached XP level 8. HP: 30/64 MP: 9/9
  6257 | D:6      | Found Haeczyan's General Store.
  6290 | D:6      | Noticed Maggie
  6293 | D:6      | Noticed Maggie
  6293 | D:6      | Maggie changed into Maggie the hog
  6294 | D:6      | Noticed Sigmund
  6304 | D:6      | Killed Sigmund
  6309 | D:6      | Killed Maggie the hog
  6310 | D:6      | Reached skill level 9 in Axes
  6489 | D:6      | Noticed Grinder
  6489 | D:6      | Paralysed by Grinder for 4 turns
  6503 | D:6      | Killed Grinder
  6504 | D:6      | Reached skill level 10 in Axes
  6854 | D:6      | Reached XP level 9. HP: 61/69 MP: 10/10
  7448 | D:7      | Found a flagged portal.
  7460 | D:7      | Reached **** piety under Trog
  7462 | D:7      | Reached skill level 11 in Axes
  7619 | Bailey   | Entered a bailey
  8486 | Bailey   | Reached ***** piety under Trog
  8499 | Bailey   | Noticed an orc knight
  8507 | Bailey   | Mangled by an orc knight

Illustrated notes

Levels and vault maps discovered:
D:1:      lightli_arrival_isolated_outpost, layout_basic,
          ebering_ecumenical_altar_ruins
D:2:      layout_basic
D:3:      layout_basic
D:4:      layout_basic, fiery_altar_vehumet, minitemple, portal_sewer_entry_f,
          hangedman_abyss_or_decor_stabs
D:5:      layout_loops_ring, minmay_temple_entry_junction
D:6:      layout_cave_pools, serial_shops, nicolae_shop_crystal, uniq_sigmund,
          uniq_grinder, uniq_maggie
D:7:      minmay_the_grid_plus [minmay_the_grid_outer_diamond,
          minmay_the_grid_minigrid_small, minmay_the_grid_minigrid_medium,
          minmay_the_grid_zigzag_pyramid,
          minmay_the_grid_prize_four_corners_diamond_b], layout_cave_pools,
          enter_bailey_5, chequers_serial_rivers_small_a
Bailey:   bailey_axe_minmay_hex_keep, bailey

Skill      XL: |  1  2  3  4  5  6  7  8  9 |
---------------+----------------------------+-----
Fighting       | 2 3 4 |  4.0
Axes           | 2 4 6 8 10 11 | 11.8
Crossbows      | |  1.5
Dodging        | |  1.5
Spellcasting   | |  1.0
Hexes          | |  3.0

Action                   |  1- 3 |  4- 6 |  7- 9 || total
-------------------------+-------+-------+-------++-------
Melee: Short sword       |     1 |       |       ||     1
       Hand axe          |       |   167 |    31 ||   198
       Tailslap          |       |    14 |    34 ||    48
       War axe           |       |       |   220 ||   220
 Fire: Hand crossbow     |    93 |     7 |       ||   100
Invok: Berserk           |     1 |    11 |    14 ||    26
       Trog's Hand       |       |       |     2 ||     2
Evoke: Wand              |       |       |    13 ||    13
  Use: Scroll            |       |     3 |     8 ||    11
       Potion            |       |       |     5 ||     5
Armor: Scale mail        |    14 |   103 |    64 ||   181
       Robe              |     1 |       |       ||     1
       Swamp dragon scal |       |       |    75 ||    75
Dodge: Dodged            |    21 |    67 |   124 ||   212

Table legend: (Time is in decaauts)
 A = Elapsed time spent in this place.
 B = Non-inter-level travel time spent in this place.
 C = Inter-level travel time spent in this place.
 D = Time resting spent in this place.
 E = Time spent auto-exploring this place.
 F = Levels seen in this place.
 G = Mean time per level.
                   A        B        C        D        E       F      G
               +--------+--------+--------+--------+--------+-----+--------+
         Total |   8814 |   8524 |    290 |   1748 |   5444 |   9 |  979.3 |
       Dungeon |   6941 |   6651 |    290 |    755 |   4946 |   7 |  991.6 |
         Sewer |    967 |    967 |      0 |    282 |    479 |   1 |  967.0 |
        Bailey |    905 |    905 |      0 |    710 |     18 |   1 |  905.0 |
               +--------+--------+--------+--------+--------+-----+--------+

Top non-repeatable levels by time:
     D:5: 1402 daAuts
     D:6: 1382 daAuts
     D:2: 1335 daAuts
   Sewer: 967 daAuts
     D:1: 965 daAuts
     D:3: 924 daAuts
     D:4: 906 daAuts
  Bailey: 905 daAuts
     D:7: 25 daAuts
